 Dungeon Crawl Stone Soup version 0.19-a0-1886-gd64a0f0 (webtiles) character file.

8529 Amnesiac the Zephyrmancer (level 11, 0/60 HPs)
             Began as a Tengu Air Elementalist on Oct 15, 2016.
             Was a High Priest of Sif Muna.
             Killed by their own static electricity (4 damage)
             ... on level 9 of the Dungeon.
             The game lasted 00:23:18 (12373 turns).

Amnesiac the Zephyrmancer (Tengu Air Elementalist) Turns: 12373, Time: 00:23:19

Health: 0/60       AC:  3    Str: 10    XL:     11   Next: 32%
Magic:  9/32       EV: 16    Int: 18    God:    Sif Muna [*****.]
Gold:   155        SH:  5    Dex: 16    Spells: 9 memorised, 8 levels left

rFire  . . .     SeeInvis .     p - +2 dagger (drain)
rCold  . . .     Gourm    .     a - +0 robe
rNeg   . . .     Faith    .     y - +0 buckler
rPois  .         Spirit   .     (helmet restricted)
rElec  .         Dismiss  .     M - +0 cloak
rCorr  .         Reflect  .     (no gloves)
MR     .....     Harm     .     (boots unavailable)
Stlth  ++........               (no amulet)
                                r - ring of magical power
                                (no ring)

@: repel missiles, divine energy
A: beak, talons 3, agile 1, MP-powered wands, able to fly 1
a: Fly, Stop Divine Energy, Channel Magic, Forget Spell, Renounce Religion


You were on level 9 of the Dungeon.
You worshipped Sif Muna.
Sif Muna was extremely pleased with you.
You were very hungry.

You visited 3 branches of the dungeon, and saw 11 of its levels.

You collected 505 gold pieces.
You spent 350 gold pieces at shops.

Inventory:

Hand Weapons
 n - a +2 spear of flaming
 p - a +2 dagger of draining (weapon)
 F - a +3 spear of pain
Armour
 a - a +0 robe (worn)
 y - a +0 buckler (worn)
 M - a +0 cloak (worn)
Rods
 u - a -3 rod of ignition (11/11)
   (You took it off an orc priest on level 4 of the Dungeon)
Jewellery
 e - an uncursed ring of fire
 l - an uncursed ring of ice
 r - a ring of magical power (right hand)
Wands
 d - a wand of acid (8/15)
 j - a wand of teleportation (4/9)
 K - a wand of paralysis (8/24)
Scrolls
 f - 6 scrolls of remove curse
 v - 2 scrolls of fog
 A - 4 scrolls of fear
 B - a scroll of recharging
 D - 2 scrolls of amnesia
 O - a scroll of magic mapping
 P - a scroll of enchant weapon
Potions
 o - a potion of flight
 x - a potion of invisibility
 z - 4 potions of might
 E - a potion of lignification
 L - a potion of berserk rage
 Q - a potion of ambrosia
Books
 b - a book of Air

   Spells                             Type                      Level
   a - Shock                          Conjuration/Air              1
   b - Swiftness                      Charms/Air                   2
   c - Repel Missiles                 Charms/Air                   2
   d - Static Discharge               Conjuration/Air              3
   e - Lightning Bolt                 Conjuration/Air              5
 s - Sif Muna's Almanac of Damaging Transmigration
   (Sif Muna gifted it to you on level 9 of the Dungeon)

   Spells                             Type                      Level
   a - Spider Form                    Transmutation/Poison         3
   b - Force Lance                    Conjuration/Translocation    4
   c - Iskenderun's Battlesphere      Conjuration/Charms           5
   d - Alistair's Intoxication        Transmutation/Poison         5
 t - a book of Frost

   Spells                             Type                      Level
   a - Freeze                         Ice                          1
   b - Throw Frost                    Conjuration/Ice              2
   c - Ozocubu's Armour               Charms/Ice                   3
   d - Throw Icicle                   Conjuration/Ice              4
   e - Summon Ice Beast               Ice/Summoning                4
 w - a book of Minor Magic

   Spells                             Type                      Level
   a - Magic Dart                     Conjuration                  1
   b - Blink                          Translocation                2
   c - Call Imp                       Summoning                    2
   d - Repel Missiles                 Charms/Air                   2
   e - Slow                           Hexes                        2
   f - Conjure Flame                  Conjuration/Fire             3
   g - Mephitic Cloud                 Conjuration/Poison/Air       3
 G - a book of Ice

   Spells                             Type                      Level
   a - Ice Form                       Ice/Transmutation            4
   b - Metabolic Englaciation         Hexes/Ice                    5
   c - Ozocubu's Refrigeration        Ice                          6
   d - Bolt of Cold                   Conjuration/Ice              6
   e - Freezing Cloud                 Conjuration/Ice/Air          6
   f - Simulacrum                     Ice/Necromancy               6
Comestibles
 c - 8 bread rations
 g - 6 beef jerkies
 h - 4 meat rations
 i - 7 fruits
 k - 7 slices of pizza
 m - a royal jelly


   Skills:
 - Level 3.0 Fighting
 - Level 5.9 Dodging
 - Level 2.0 Stealth
 - Level 4.1 Shields
 + Level 7.5 Spellcasting
 + Level 10.2 Conjurations
 * Level 14.1 Air Magic


You had 8 spell levels left.
You knew the following spells:

 Your Spells              Type           Power        Failure   Level  Hunger
a - Repel Missiles        Chrm/Air       ####..       1%          2    None
b - Swiftness             Chrm/Air       ####....     1%          2    None
c - Animate Skeleton      Necr           N/A          12%         1    None
d - Apportation           Tloc           #.........   12%         1    None
e - Lightning Bolt        Conj/Air       ######....   1%          5    #####..
f - Static Discharge      Conj/Air       ######..     1%          3    #......
g - Summon Small Mammal   Summ           #...         12%         1    None
h - Confusing Touch       Hex            #.....       12%         1    None
z - Shock                 Conj/Air       ####         1%          1    None


Dungeon Overview and Level Annotations

Branches:
Dungeon (9/15)             Temple (1/1) D:4            Lair (1/6) D:9
    Orc: D:9-12

Altars:
Ashenzari
Cheibriados
Fedhas
Gozag
Hepliaklqana
Kikubaaqudgha
Makhleb
Nemelex Xobeh
Qazlal
Ru
Sif Muna
Trog
Uskayaw
Xom
Yredelemnul
The Shining One

Shops:
D:5 =   D:8 *


Innate Abilities, Weirdness & Mutations

You have a beak for a mouth.
You have claws for feet.
You can fly.
You are agile. (Dex +2)
You expend magic power (3 MP) to strengthen your wands.


Message History

The black bear is heavily wounded.
The lightning grounds out.
The black bear closely misses you. The black bear claws you. x2
* * * LOW HITPOINT WARNING * * *
Casting: Static Discharge
Confirm with . or Enter, or press ? or * to list all spells.
The black bear is struck by lightning.
The black bear is almost dead.
The lightning arcs!
You are struck by lightning.
* * * LOW HITPOINT WARNING * * *
The lightning grounds out.
The black bear bites you!
* * * LOW HITPOINT WARNING * * *
You block the black bear's attack. The black bear barely misses you.
Casting: Static Discharge
Confirm with . or Enter, or press ? or * to list all spells.
The black bear is struck by lightning.
You kill the black bear!
Sif Muna accepts your kill.
The lightning arcs!
You are struck by lightning.
You die...

# #.......# # # ###.......# #
#####.'.......############## #
'.[...#....<..'............######
#######.......############......'
# #....(....# ######## #
#####'###.## # ## ####.# #†.# #
.### #....# ##@# # ≈..# ###.####
### # ≈..# #...# )≈.# #.### #
≈..###'######## ######## #
≈...#.........####......# #
....)...).....'.##......# #
.⌠.##.........#.##......#########
..............#.........#:#.#.#.#


There were no monsters in sight!

Vanquished Creatures
  A wizard (D:9)
  A spiny frog (Lair:1)
  The ghost of Tux the Thaumaturge, a novice DEFE of Vehumet (D:6)
  A hippogriff (D:8)
  A human (D:8)
  12 yaks
  A wyvern (D:8)
  4 hogs (D:8)
  The ghost of Amnesiac the Gusty, an amateur TeAE (D:5)
  4 orc warriors
  3 water moccasins
  An ice beast (D:8)
  3 eyes of draining
  A sky beast (D:9)
  3 black bears (D:9)
  A phantom (D:7)
  6 ogres
  5 centaurs
  2 bullfrogs (D:9)
  A water moccasin zombie (D:7)
  A gnoll sergeant (D:8)
  4 scorpions
  7 killer bees (D:9)
  2 howler monkeys
  2 crimson imps
  6 hounds
  8 orc priests
  2 centaur skeletons (D:5)
  10 orc wizards
  A bullfrog skeleton (D:6)
  An iguana (D:7)
  Natasha (thrice) (D:4)
  7 worker ants
  A howler monkey zombie (D:8)
  9 adders
  10 gnolls
  A shadow imp (D:7)
  An adder zombie (D:8)
  An adder skeleton (D:4)
  A worm (D:2)
  7 leopard geckos
  35 orcs
  7 bats
  A giant cockroach (D:2)
  7 hobgoblins
  15 jackals
  5 quokkas
  3 ball pythons
  4 frilled lizards
  10 goblins
  5 kobolds
  A leopard gecko skeleton (D:5)
  A quokka skeleton (D:4)
  7 rats
239 creatures vanquished.

Vanquished Creatures (others)
  A plant (Lair:1)
1 creature vanquished.

Grand Total: 240 creatures vanquished

Notes
Turn   | Place    | Note
-------+----------+-------------------------------------------
     0 | D:1      | Amnesiac the Tengu Air Elementalist began the quest for the Orb.
     0 | D:1      | Reached XP level 1. HP: 10/10 MP: 4/4
   292 | D:1      | Reached skill level 1 in Fighting
   295 | D:1      | Reached XP level 2. HP: 16/16 MP: 1/6
   355 | D:1      | Learned a level 2 spell: Repel Missiles
   358 | D:1      | Learned a level 2 spell: Swiftness
   955 | D:2      | Reached XP level 3. HP: 20/20 MP: 5/7
  1589 | D:3      | Reached XP level 4. HP: 17/26 MP: 8/8
  2018 | D:3      | Found a glowing golden altar of the Shining One.
  2863 | D:4      | Reached skill level 1 in Shields
  2863 | D:4      | Gained mutation: You can fly. [Tengu growth]
  2863 | D:4      | Reached XP level 5. HP: 29/30 MP: 2/9
  3037 | D:4      | Reached XP level 6. HP: 23/35 MP: 5/10
  3046 | D:4      | Noticed Natasha
  3067 | D:4      | Killed Natasha
  3477 | D:4      | Reached skill level 5 in Dodging
  3477 | D:4      | Reached XP level 7. HP: 40/40 MP: 3/11
  3651 | D:4      | HP: 1/40 [orc priest/nerve-wracking pain (3)]
  3656 | D:4      | Identified a -3 rod of ignition (11/11) (You took it off an orc priest on level 4 of the Dungeon)
  3958 | D:4      | Noticed Natasha
  3962 | D:4      | Killed Natasha
  4107 | D:4      | Found a staircase to the Ecumenical Temple.
  4116 | Temple   | Entered the Ecumenical Temple
  4122 | Temple   | Became a worshipper of Sif Muna the Loreminder
  4275 | D:4      | Noticed Natasha
  4278 | D:4      | Killed Natasha
  4360 | D:4      | Reached skill level 5 in Air Magic
  4368 | D:4      | Learned a level 3 spell: Static Discharge
  4587 | D:4      | Reached skill level 6 in Air Magic
  4587 | D:4      | Reached XP level 8. HP: 38/46 MP: 11/13
  4787 | D:5      | Entered Level 5 of the Dungeon
  4791 | D:5      | Noticed Amnesiac's ghost (amateur TeAE)
  4800 | D:5      | Killed Amnesiac's ghost
  4800 | D:5      | Reached * piety under Sif Muna
  5312 | D:5      | Reached skill level 7 in Air Magic
  5628 | D:5      | Found Fuacheuf's Jewellery Emporium.
  6216 | D:6      | Noticed Tux's ghost (novice DEFE)
  6237 | D:6      | Killed Tux's ghost
  6237 | D:6      | Reached skill level 5 in Conjurations
  6237 | D:6      | Reached skill level 8 in Air Magic
  6350 | D:6      | Found a bloodstained altar of Trog.
  6376 | D:6      | Reached XP level 9. HP: 27/50 MP: 2/16
  6394 | D:6      | Reached ** piety under Sif Muna
  6543 | D:6      | Reached skill level 9 in Air Magic
  6745 | D:6      | Learned a level 5 spell: Lightning Bolt
  6809 | D:7      | Learned a level 1 spell: Apportation
  7371 | D:7      | Found a shattered altar of Ashenzari.
  7404 | D:7      | Found a sparkling altar of Nemelex Xobeh.
  7404 | D:7      | Found a blossoming altar of Fedhas.
  7412 | D:7      | Found a burning altar of Makhleb.
  7412 | D:7      | Found a sacrificial altar of Ru.
  7640 | D:7      | Reached skill level 10 in Air Magic
  7986 | D:8      | Reached skill level 5 in Spellcasting
  8177 | D:8      | Reached *** piety under Sif Muna
  8393 | D:8      | Reached skill level 11 in Air Magic
  8393 | D:8      | Reached XP level 10. HP: 38/56 MP: 10/19
  8522 | D:8      | Gained mutation: Your magical capacity is low. (-10% MP) [potion of mutation]
  8522 | D:8      | Gained mutation: Your body sometimes deteriorates upon taking damage. [potion of mutation]
  8526 | D:8      | Learned a level 1 spell: Animate Skeleton
  8528 | D:8      | Learned a level 1 spell: Summon Small Mammal
  8530 | D:8      | Learned a level 1 spell: Confusing Touch
  8690 | D:8      | Found a sacrificial altar of Ru.
  8703 | D:8      | Found Ecwotz's General Store.
  8712 | D:8      | Bought a potion of cure mutation for 350 gold pieces
  8712 | D:8      | Lost mutation: Your magical capacity is low. (-10% MP) [potion of cure mutation]
  8712 | D:8      | Lost mutation: Your body sometimes deteriorates upon taking damage. [potion of cure mutation]
  8998 | D:8      | Reached skill level 12 in Air Magic
  9417 | D:9      | Reached **** piety under Sif Muna
  9474 | D:9      | Gained mutation: You are agile. (Dex +2) [mutagenic meat]
  9477 | D:9      | Gained mutation: You expend magic power (3 MP) to strengthen your wands. [mutagenic meat]
 10813 | D:9      | Reached skill level 13 in Air Magic
 10815 | D:9      | Found an ancient bone altar of Kikubaaqudgha.
 11007 | D:9      | Found a staircase to the Lair.
 11136 | D:9      | Reached ***** piety under Sif Muna
 11136 | D:9      | Identified Sif Muna's Almanac of Damaging Transmigration (Sif Muna gifted it to you on level 9 of the Dungeon)
 11136 | D:9      | Received a gift from Sif Muna
 11174 | D:9      | Reached XP level 11. HP: 26/60 MP: 4/22
 11471 | D:9      | Noticed a wizard
 11478 | D:9      | Killed a wizard
 11600 | D:9      | Found a stormy altar of Qazlal.
 11735 | Lair:1   | Entered Level 1 of the Lair of Beasts
 11843 | Lair:1   | Reached skill level 10 in Conjurations
 11865 | Lair:1   | Reached skill level 14 in Air Magic
 12076 | Lair:1   | HP: 2/60 [/static electricity (3)]
 12373 | D:9      | Killed from afar by themself

Vault maps used:
D:1:      kilobyte_arrival_exit_the_forest
D:2:      kennysheep_generic_room_15
D:3:      tso_metal_star
D:4:      uniq_natasha
D:5:      first_bread, serial_shops, nicolae_shop_behind_doors
D:6:      trog_eyes_of_draining
D:7:      grunt_temple_overflow_open, ashenzari_altar_1
D:8:      serial_shops, shop, basic_altar, grunt_livestock
D:9:      kiku_gazebo_pond_becter, lemuel_round_altar, lair_0_dummy,
          minmay_librarian
Temple:   eino_narrow_crystal_temple
Lair:1:   beast_lair_carwin_large_4

Skill      XL: |  1  2  3  4  5  6  7  8  9 10 11 |
---------------+----------------------------------+-----
Fighting       | 1 2 3 |  3.0
Dodging        | 3 4 5 |  5.9
Shields        | 1 3 4 |  4.1
Conjurations   | 3 5 7 9 10 | 10.2
Air Magic      | 6 8 11 13 14 | 14.1
Spellcasting   | 4 5 7 |  7.5
Stealth        | |  2.0

Action                   |  1- 3 |  4- 6 |  7- 9 | 10-12 || total
-------------------------+-------+-------+-------+-------++-------
Melee: Spear             |    24 |       |       |       ||    24
       Unarmed           |     1 |       |       |       ||     1
       Kick              |     4 |     4 |     1 |    12 ||    21
       Dagger            |     3 |    37 |     6 |    35 ||    81
       Peck              |     2 |     2 |     3 |     2 ||     9
 Cast: Shock             |    68 |    76 |   234 |    35 ||   413
       Repel Missiles    |     1 |       |     2 |     1 ||     4
       Static Discharge  |       |       |    46 |   121 ||   167
       Lightning Bolt    |       |       |       |    13 ||    13
Invok: Divine Energy     |       |       |     1 |       ||     1
Evoke: Rod               |       |       |     3 |       ||     3
  Use: Scroll            |       |     8 |     5 |     6 ||    19
       Potion            |       |     2 |     3 |    10 ||    15
 Stab: Sleeping          |     2 |       |       |     1 ||     3
       Distracted        |     1 |       |       |       ||     1
  Eat: Chunk             |     3 |     8 |    20 |    22 ||    53
       Royal jelly       |       |       |     1 |       ||     1
Armor: Robe              |     9 |     5 |    15 |    17 ||    46
       Skin              |       |    32 |       |     5 ||    37
Dodge: Dodged            |    24 |    38 |    61 |    93 ||   216
       Deflected         |     1 |       |     2 |     2 ||     5
Block: Buckler           |       |    11 |    21 |    42 ||    74
